 Dungeon Crawl Stone Soup version 0.18-a0-119-g02a7081 (webtiles) character file.

2580 UristPineapples the Cleaver (level 9, -4/69 HPs)
             Began as a Human Fighter on Nov 19, 2015.
             Was an Initiate of Ru.
             Slain by a killer bee (7 damage)
             ... on level 8 of the Dungeon.
             The game lasted 00:18:17 (7686 turns).

UristPineapples the Cleaver (Human Fighter)         Turns: 7686, Time: 00:18:18

Health: -4/69      AC: 15    Str: 21    XL:     9   Next: 88%
Magic:  9/9        EV:  4    Int:  8    God:    Ru [......]
Gold:   356        SH:  9    Dex: 12    Spells: 0 memorised, 8 levels left

rFire  + . .     SeeInvis +     a - +0 war axe
rCold  . . .     Clarity  .     l - +0 plate armour
rNeg   . . .     SustAt   .     c - +0 shield
rPois  .         Gourm    .     i - +0 helmet
rElec  .         Spirit   .     F - +0 cloak
rCorr  .         Warding  .     (no gloves)
rMut   .         Stasis   .     (no boots)
MR     .....                    v - amulet of rage
Stlth  ..........               r - ring of see invisible
                                n - ring of protection from fire

@: lethally poisoned (-4 -> -17), not resistant to hostile enchantments,
extremely unstealthy
A: deterioration 1, dopey 1, mutation resistance 1, strong 1, no device heal 1
a: Renounce Religion, Evoke Berserk Rage


You were on level 8 of the Dungeon.
You worshipped Ru.
Ru was noncommittal.
You were near starving.

You visited 2 branches of the dungeon, and saw 9 of its levels.

You collected 386 gold pieces.
You spent 30 gold pieces at shops.

Inventory:

Hand Weapons
 a - a +0 war axe (weapon)
 d - a +4 battleaxe of electrocution
 h - a +1 battleaxe
Armour
 b - a +0 scale mail
 c - a +0 shield (worn)
 i - a +0 helmet (worn)
 l - a +0 plate armour (worn)
 F - a +0 cloak (worn)
Jewellery
 n - a ring of protection from fire (left hand)
 r - a ring of see invisible (right hand)
 s - an uncursed amulet of stasis
 v - an amulet of rage (around neck)
Wands
 D - a wand of enslavement (10)
 J - a wand of confusion (26)
Scrolls
 f - 5 scrolls of remove curse
 g - 3 scrolls of enchant weapon {unknown}
 j - 2 scrolls of noise {unknown}
 k - 2 scrolls of recharging
 q - 3 scrolls of teleportation
 t - 2 scrolls of fog {unknown}
 u - a scroll of immolation {unknown}
 x - a scroll of amnesia {unknown}
 y - a scroll of blinking {unknown}
 z - 3 scrolls of identify
 A - 2 scrolls of fear {unknown}
 G - a scroll of random uselessness {unknown}
Potions
 I - 2 potions of ambrosia
Comestibles
 e - 10 bread rations
 m - a royal jelly
 o - 2 meat rations
 w - 5 fruits
 H - a beef jerky


   Skills:
 - Level 6.0 Fighting
 * Level 10.4 Axes
 + Level 6.1 Armour
 - Level 3.0 Shields


You had 8 spell levels left.
You didn't know any spells.

Dungeon Overview and Level Annotations

Branches:
Dungeon (8/15)             Temple (1/1) D:6
   Lair: D:8-11

Altars:
Ashenzari
Cheibriados
Dithmenos
Elyvilon
Fedhas
Gozag
Kikubaaqudgha
Nemelex Xobeh
Okawaru
Qazlal
Ru
Sif Muna
Trog
Xom
Yredelemnul
The Shining One

Shops:
D:5 *   D:6 [

Annotations:
D:3 Natasha


Innate Abilities, Weirdness & Mutations

Your body sometimes deteriorates upon taking damage.
You are dopey. (Int -2)
You are somewhat resistant to further mutation.
Your muscles are strong. (Str +2)
Potions and wands are less effective at restoring your health.


Message History

You are too injured to fight recklessly!
You are too injured to fight recklessly!
You are too injured to fight recklessly!
You are too injured to fight recklessly!
You are too injured to fight recklessly!
You miss the killer bee.
You feel sick. You block the killer bee's attack.
The killer bee stings you but does no damage.
Your plate armour prevents you from hitting the killer bee.
You feel sick. You block the killer bee's attack.
The killer bee stings you but does no damage.
You closely miss the killer bee.
You feel sick. The killer bee stings you.
* * * LOW HITPOINT WARNING * * *
The killer bee stings you.
* * * LOW HITPOINT WARNING * * *
You are more poisoned.
The killer bee poisons you!
You barely miss the killer bee.
* * * LOW HITPOINT WARNING * * *
You feel sick. The killer bee stings you!
You die...

...........#....#
#.#
###.......#.##..#
#.#
#.......#.....##.#
+. ._...+...+.#.#
#. .....#...#..#
#. ........##..#
......#.....#
#.⌠.).##.#
#.#..###@# ......#
#y# .)#..####$yy#
#.# ...#y(. ...
#.##. .##.# ### #
## ## #


You could see 4 killer bees.

Vanquished Creatures
  A sky beast (D:8)
  An ice beast (D:6)
  2 phantoms (D:8)
  2 orc warriors (D:7)
  2 necrophages (D:6)
  4 ogres
  Blork the orc (D:5)
  5 giant frogs
  3 scorpions
  5 wights (D:6)
  2 killer bees (D:8)
  A crimson imp (D:6)
  A centaur zombie (D:6)
  A jelly (D:7)
  An orc priest (D:7)
  A giant frog skeleton (D:7)
  5 hounds
  2 iguanas
  An orc wizard (D:7)
  2 worker ants
  A killer bee zombie (D:5)
  2 hound zombies
  A worker ant zombie (D:4)
  9 adders
  2 shadow imps
  4 oozes
  An adder zombie (D:8)
  5 worms
  5 giant geckos
  10 orcs
  A ball python (D:3)
  4 bats
  5 giant cockroaches
  9 hobgoblins
  3 quokkas
  A ball python skeleton (D:4)
  3 giant newts
  7 goblins
  6 kobolds
  2 rats
124 creatures vanquished.

Vanquished Creatures (collateral kills)
  2 orcs (D:6)
2 creatures vanquished.

Vanquished Creatures (others)
  A wizard (D:7)
1 creature vanquished.

Grand Total: 127 creatures vanquished

Notes
Turn   | Place    | Note
--------------------------------------------------------------
     0 | D:1      | UristPineapples the Human Fighter began the quest for the Orb.
     0 | D:1      | Reached XP level 1. HP: 18/18 MP: 1/1
   236 | D:1      | Reached XP level 2. HP: 24/24 MP: 2/2
   916 | D:2      | Reached XP level 3. HP: 29/29 MP: 3/3
  1378 | D:2      | Reached XP level 4. HP: 23/36 MP: 4/4
  1777 | D:2      | Found a glowing golden altar of the Shining One.
  1777 | D:2      | Found a bloodstained altar of Trog.
  1913 | D:3      | Noticed Natasha
  2027 | D:3      | Found a shimmering altar of Xom.
  2090 | D:3      | Reached skill level 4 in Fighting
  2250 | D:3      | Reached XP level 5. HP: 39/42 MP: 5/5
  3015 | D:4      | Found a sacrificial altar of Ru.
  3032 | D:4      | Became a worshipper of Ru the Awakened
  3386 | D:4      | Reached XP level 6. HP: 33/49 MP: 6/6
  3613 | D:5      | Entered Level 5 of the Dungeon
  3613 | D:5      | Noticed Blork the orc
  3628 | D:5      | Found Gituolai's General Store.
  4042 | D:5      | Reached skill level 5 in Axes
  4584 | D:5      | Killed Blork the orc
  4584 | D:5      | Reached skill level 5 in Fighting
  4584 | D:5      | Reached XP level 7. HP: 21/56 MP: 7/7
  4794 | D:5      | Reached skill level 6 in Axes
  4962 | D:5      | Bought a scroll of identify for 30 gold pieces
  5339 | D:6      | Found Zulohodi's Armour Boutique.
  5462 | D:6      | Reached skill level 7 in Axes
  5462 | D:6      | Reached XP level 8. HP: 51/62 MP: 8/8
  5851 | D:6      | Found a staircase to the Ecumenical Temple.
  5856 | Temple   | Entered the Ecumenical Temple
  5905 | D:6      | Reached skill level 8 in Axes
  6403 | D:6      | Reached XP level 9. HP: 62/68 MP: 9/9
  6452 | D:6      | Reached skill level 9 in Axes
  6781 | D:7      | Reached skill level 5 in Armour
  6873 | D:7      | Found a sparkling altar of Nemelex Xobeh.
  6879 | D:7      | Found an opulent altar of Gozag.
  6913 | D:7      | Found an ancient bone altar of Kikubaaqudgha.
  7308 | D:7      | Found a bloodstained altar of Trog.
  7311 | D:7      | Noticed a wizard
  7317 | D:7      | Killed a wizard
  7415 | D:8      | Reached skill level 10 in Axes
  7477 | D:8      | Found a shattered altar of Ashenzari.
  7498 | D:8      | Gained mutation: Your body sometimes deteriorates upon taking damage. [mutagenic meat]
  7499 | D:8      | Gained mutation: Your muscles are strong. (Str +2) [mutagenic meat]
  7500 | D:8      | Gained mutation: You are dopey. (Int -2) [mutagenic meat]
  7501 | D:8      | Gained mutation: Potions and wands are less effective at restoring your health. [mutagenic meat]
  7502 | D:8      | Gained mutation: You are somewhat resistant to further mutation. [mutagenic meat]
  7686 | D:8      | HP: 3/69 [poisoned by a killer bee]
  7686 | D:8      | Slain by a killer bee

Vault maps used:
D:1:      dpeg_arrival_rooms_a
D:2:      gammafunk_temple_overflow_elements, first_bread
D:3:      xom_teletrap_fun, uniq_natasha
D:4:      kennysheep_mini_moat
D:5:      serial_shops, nicolae_shop_trees, uniq_blork_the_orc
D:6:      grunt_temple_overflow_lords_of_destruction,
          minmay_temple_entry_nine_rooms, serial_shops, shop_fountains
D:7:      grunt_temple_overflow_opulence, kiku_gazebo_garden_becter, trog_wizard
D:8:      cheibrodos_stairvault_heist, evilmike_ruin_ashenzari,
          david_lair_generic, basic_altar
Temple:   temple_eino_lava_8

Action                   |  1- 3 |  4- 6 |  7- 9 || total
-------------------------+-------+-------+-------++-------
Melee: War axe           |    66 |   224 |   395 ||   685
Invok: Reject Sacrifices |       |       |     1 ||     1
 Abil: Evoke Berserk Rag |       |       |     1 ||     1
Evoke: Wand              |       |    11 |    12 ||    23
  Use: Potion            |     2 |     1 |     9 ||    12
       Scroll            |       |       |     6 ||     6
 Stab: Confused          |       |     1 |     1 ||     2
  Eat: Chunk             |     1 |     8 |    15 ||    24
       Pizza             |       |     1 |     1 ||     2
